 Dungeon Sprint DCSS version 0.22-a0-346-ga714374 (webtiles) character file.

3723 emperorscorpion the Fencer (level 9, -3/96 HPs)
             Began as a Minotaur Berserker on Apr 6, 2018.
             Was a High Priest of Trog.
             Killed from afar by a lindwurm (36 damage)
             ... with a blast of flame
             ... in the Dungeon (Sprint IX: "|||||||||||||||||||||||||||||").
             The game lasted 00:03:30 (371 turns).

emperorscorpion the Fencer (Minotaur Berserker)      Turns: 371, Time: 00:03:31

Health: -3/96      AC: 16    Str: 26    XL:     9   Next: 92%
Magic:  8/8        EV: 11    Int:  7    God:    Trog [*****.]
Gold:   0          SH:  0    Dex:  9    Spells: 8/8 levels left

rFire    . . .     SeeInvis .   z - +5 triple sword (distort)
rCold    . . .     Gourm    .   (shield currently unavailable)
rNeg     . . .     Faith    .   t - +0 plate armour
rPois    .         Spirit   .   (helmet restricted)
rElec    .         Reflect  .   (no cloak)
rCorr    .         Harm     .   (no gloves)
MR       ++...     NoTele   +   (no boots)
Stlth    ..........             (no amulet)
HPRegen  1.26/turn              r - +2 ring of protection
MPRegen  0.11/turn              s - +3 ring of intelligence

@: regenerating
A: retaliatory headbutt, horns 2
a: Berserk, Trog's Hand, Brothers in Arms, Renounce Religion


You were in the Dungeon.
You worshipped Trog.
Trog was extremely pleased with you.
You were not hungry.

You visited 1 branch

Inventory:

Hand Weapons
 a - a +0 falchion
 o - a +2 rapier of electrocution
 p - a +2 scimitar of holy wrath
 v - the +3 sling "Punk" {acid, rCorr}
   (You found it in the Dungeon)

   It protects you from acid and corrosion.
 z - a +5 triple sword of distortion (weapon)
 A - a +2 arbalest of velocity
Armour
 b - a +0 animal skin
 q - a +2 ring mail
 t - a +0 plate armour (worn)
Magical Staves
 n - an uncursed staff of energy
Jewellery
 r - a +2 ring of protection (left hand)
 s - a +3 ring of intelligence (right hand)
Wands
 m - a wand of iceblast (10)
Scrolls
 i - 3 scrolls of blinking
 l - 4 scrolls of remove curse
 w - a scroll of magic mapping
 x - a scroll of fear
 y - 2 scrolls of fog
Potions
 d - 5 potions of curing
 e - 10 potions of heal wounds
 f - 2 potions of haste
 g - 4 potions of magic
 h - a potion of berserk rage
 k - a potion of invisibility
 u - a potion of might
Comestibles
 c - a ration
 j - 4 chunks of flesh


   Skills:
 + Level 14.9 Fighting
 + Level 17.3 Long Blades
 + Level 10.8 Armour
 + Level 8.9 Dodging
 + Level 1.9 Stealth


You had 8 spell levels left.
You didn't know any spells.

Dungeon Overview and Level Annotations

Branches:
Dungeon (1/1)

Altars:
Cheibriados
Dithmenos
Elyvilon
Fedhas
Gozag
Hepliaklqana
Kikubaaqudgha
Makhleb
Nemelex Xobeh
Okawaru
Qazlal
Ru
Sif Muna
Trog
Uskayaw
Vehumet
Wu Jian
Xom
Yredelemnul
Zin
The Shining One
Beogh
Jiyva
Lugonu


Innate Abilities, Weirdness & Mutations

You reflexively headbutt those who attack you in melee.
You have a pair of horns on your head.


Message History

You slice the lindwurm!!
Space bends around the lindwurm.
You kill the lindwurm!
Trog accepts your kill.
Your Long Blades skill increases to level 17!
You hit the lindwurm but do no damage.
Space warps horribly around the lindwurm!
You headbutt the lindwurm.
The lindwurm is moderately wounded.
The lindwurm breathes flames at you. The blast of flame misses you.
You hit the lindwurm.
The lindwurm is moderately wounded.
The lindwurm bites you but does no damage.
The lindwurm claws you.
The lindwurm claws you but does no damage.
You closely miss the lindwurm. Your headbutt misses the lindwurm.
The lindwurm is moderately wounded.
The lindwurm breathes flames at you. The blast of flame hits you!
You die...

▓▓▓▓▓▓▓▓▓▓▓▓▓▓▓▓▓▓▓▓▓▓▓▓
...†.†.........'@kwk....
▓▓▓▓▓▓▓▓▓▓▓▓▓▓▓▓▓▓▓▓▓▓▓▓▓▓▓▓▓▓▓▓▓
.................................
▓▓▓▓▓▓▓▓▓▓▓▓▓▓▓▓▓▓▓▓▓▓▓▓▓▓▓▓▓▓▓▓▓
_______________'.?.)[[...)†)....)
▓▓▓▓▓▓▓▓▓▓▓▓▓▓▓▓▓▓▓▓▓▓▓▓▓▓▓▓▓▓▓▓▓


You could see a tyrant leech and 2 lindwurms.

Vanquished Creatures
  A lindwurm (D)
  A black mamba (D)
  A spiny frog (D)
  2 yaks (D)
  3 porcupines (D)
  A phantom (D)
  2 orc warriors (D)
  4 crocodiles (D)
  3 bullfrogs (D)
  A scorpion (D)
  A howler monkey (D)
  2 worker ants (D)
  2 shadow imps (D)
  An orc (D)
  A bat (D)
  A bat zombie (D)
  A giant cockroach (D)
  A goblin (D)
  A jackal (D)
  A frilled lizard (D)
  A jackal zombie (D)
  A rat (D)
33 creatures vanquished.

Vanquished Creatures (collateral kills)
  A two-headed ogre (D)
  A deep elf mage (D)
  A slime creature (D)
  A hungry ghost (D)
4 creatures vanquished.

Vanquished Creatures (others)
  A lindwurm (D)
  A tyrant leech (D)
  A bullfrog (D)
3 creatures vanquished.

Grand Total: 40 creatures vanquished

Notes
Turn   | Place    | Note
-------+----------+-------------------------------------------
     0 | D        | emperorscorpion the Minotaur Berserker began the quest for the Orb.
     0 | D        | Reached XP level 1. HP: 19/19 MP: 0/0
     7 | D        | Reached skill level 4 in Long Blades
    11 | D        | Reached ** piety under Trog
    21 | D        | Noticed a worker ant
    21 | D        | Noticed a scorpion
    25 | D        | Killed a worker ant
    25 | D        | Reached *** piety under Trog
    25 | D        | Reached skill level 5 in Fighting
    25 | D        | Reached skill level 6 in Long Blades
    25 | D        | Reached XP level 2. HP: 25/29 MP: 1/1
    25 | D        | Reached XP level 3. HP: 31/36 MP: 2/2
    33 | D        | Killed a scorpion
    33 | D        | Reached skill level 7 in Long Blades
    33 | D        | Reached XP level 4. HP: 29/47 MP: 3/3
    35 | D        | Reached **** piety under Trog
    40 | D        | Found a roughly hewn altar of Beogh.
    40 | D        | Found a snail-covered altar of Cheibriados.
    40 | D        | Found a shadowy altar of Dithmenos.
    40 | D        | Found a white marble altar of Elyvilon.
    40 | D        | Found a blossoming altar of Fedhas.
    40 | D        | Found an opulent altar of Gozag.
    41 | D        | Found a hazy altar of Hepliaklqana.
    42 | D        | Found a viscous altar of Jiyva.
    43 | D        | Found an ancient bone altar of Kikubaaqudgha.
    44 | D        | Found a corrupted altar of Lugonu.
    45 | D        | Found a burning altar of Makhleb.
    46 | D        | Found a sparkling altar of Nemelex Xobeh.
    47 | D        | Found an iron altar of Okawaru.
    48 | D        | Found a stormy altar of Qazlal.
    49 | D        | Found a sacrificial altar of Ru.
    50 | D        | Found a deep blue altar of Sif Muna.
    51 | D        | Found a bloodstained altar of Trog.
    52 | D        | Found a hide-covered altar of Uskayaw.
    53 | D        | Found a radiant altar of Vehumet.
    54 | D        | Found an ornate altar of the Wu Jian Council.
    55 | D        | Found a shimmering altar of Xom.
    56 | D        | Found a basalt altar of Yredelemnul.
    57 | D        | Found a glowing silver altar of Zin.
    58 | D        | Found a glowing golden altar of the Shining One.
    99 | D        | Noticed a phantom
    99 | D        | Noticed an orc warrior
    99 | D        | Noticed an orc warrior
   110 | D        | Killed a phantom
   110 | D        | Reached skill level 9 in Long Blades
   110 | D        | Reached XP level 5. HP: 47/56 MP: 4/4
   118 | D        | Killed an orc warrior
   118 | D        | Reached skill level 10 in Long Blades
   118 | D        | Reached skill level 5 in Armour
   118 | D        | Reached skill level 5 in Dodging
   118 | D        | Reached XP level 6. HP: 64/64 MP: 5/5
   123 | D        | Reached ***** piety under Trog
   125 | D        | Killed an orc warrior
   125 | D        | Reached skill level 10 in Fighting
   125 | D        | Reached skill level 11 in Long Blades
   142 | D        | Noticed a hungry ghost
   142 | D        | Noticed a slime creature
   142 | D        | Noticed a two-headed ogre
   142 | D        | Noticed a deep elf mage
   146 | D        | Killed a hungry ghost
   149 | D        | Killed a slime creature
   149 | D        | Reached skill level 12 in Long Blades
   149 | D        | Reached XP level 7. HP: 57/74 MP: 6/6
   154 | D        | Killed a two-headed ogre
   154 | D        | Reached skill level 13 in Long Blades
   155 | D        | Killed a deep elf mage
   155 | D        | Reached skill level 1 in Stealth
   155 | D        | Reached XP level 8. HP: 67/85 MP: 7/7
   248 | D        | Found the +3 sling "Punk" {acid, rCorr}
   275 | D        | Noticed a black mamba
   275 | D        | Noticed a hippogriff
   276 | D        | Received a gift from Trog
   280 | D        | Reached skill level 14 in Long Blades
   283 | D        | Killed a black mamba
   299 | D        | Noticed a blink frog
   317 | D        | Noticed a spiny frog
   320 | D        | Reached skill level 15 in Long Blades
   324 | D        | Killed a spiny frog
   324 | D        | Reached XP level 9. HP: 56/95 MP: 8/8
   330 | D        | Received a gift from Trog
   331 | D        | Reached skill level 16 in Long Blades
   353 | D        | Noticed a tyrant leech
   353 | D        | Noticed a lindwurm
   353 | D        | Noticed a lindwurm
   353 | D        | Noticed a tyrant leech
   353 | D        | Noticed a lindwurm
   354 | D        | Noticed a lindwurm
   356 | D        | Banished a tyrant leech
   356 | D        | Reached skill level 10 in Armour
   360 | D        | Banished a lindwurm
   365 | D        | Noticed a lindwurm
   368 | D        | Killed a lindwurm
   368 | D        | Reached skill level 17 in Long Blades
   371 | D        | Killed from afar by a lindwurm

Vault maps used:
D:        linesprint

Skill      XL: |  1  2  3  4  5  6  7  8  9 |
---------------+----------------------------+-----
Fighting       | 5 7 8 9 11 12 14 | 14.9
Long Blades    | 6 7 9 10 12 13 15 17 | 17.3
Armour         | 3 4 5 6 7 9 10 | 10.8
Dodging        | 3 4 5 6 7 8 |  8.9
Stealth        | 1 |  1.9

Action                   |  1- 3 |  4- 6 |  7- 9 || total
-------------------------+-------+-------+-------++-------
Melee: Falchion          |    19 |     1 |       ||    20
       Headbutt          |     2 |     2 |    12 ||    16
       Rapier            |       |    23 |     4 ||    27
       Triple sword      |       |       |    59 ||    59
Invok: Berserk           |     1 |     1 |       ||     2
       Trog's Hand       |       |     1 |     3 ||     4
       Brothers in Arms  |       |     1 |     1 ||     2
  Eat: Chunk             |       |     1 |     3 ||     4
Armor: Animal skin       |     1 |       |       ||     1
       Ring mail         |       |     6 |       ||     6
       Plate armour      |       |     2 |    32 ||    34
Dodge: Dodged            |    11 |    11 |    23 ||    45
       Rpst.: Falchion   |     4 |       |       ||     4
       Triple sword      |       |       |     3 ||     3

Table legend:
 A = Spawn XP
 B = Non-spawn XP
 C = Spawn XP percentage of total XP
 D = Spawn monster count
 E = Non-spawn monster count
 F = Spawn count percentage of total count
 G = Total turns spent on level
                    A         B        C        D         E        F      G
               +---------+---------+-------+---------+---------+-------+---------
         Total |       0 |    5319 |   0.0 |       0 |      40 |   0.0 |   371
               +---------+---------+-------+---------+---------+-------+---------
             D |       0 |    5319 |   0.0 |       0 |      40 |   0.0 |   371
               +---------+---------+-------+---------+---------+-------+---------
